 Dungeon Crawl Stone Soup version 0.19-a0-1704-gbd66c22 (webtiles) character file.

10010 KristoblXynda the Unseen (level 11, -2/44 HPs)
             Began as a Spriggan Assassin on Sept 27, 2016.
             Was a High Priest of Hepliaklqana.
             Slain by a red ugly thing (12 damage)
             ... on level 11 of the Dungeon.
             The game lasted 00:34:20 (12545 turns).

KristoblXynda the Unseen (Spriggan Assassin)       Turns: 12545, Time: 00:34:21

Health: -2/44      AC:  5    Str: 10    XL:     11   Next: 30%
Magic:  17/17      EV: 31    Int: 19    God:    Hepliaklqana [*****.]
Gold:   672        SH:  0    Dex: 18    Spells: 1 memorised, 14 levels left

rFire  . . .     SeeInvis +     v - +1 dagger (venom)
rCold  + . .     Gourm    .     c - +0 robe
rNeg   . . .     Faith    .     (shield restricted)
rPois  .         Spirit   .     (helmet restricted)
rElec  +         Dismiss  .     d - +1 cloak
rCorr  .         Reflect  .     (gloves unavailable)
MR     +....     Harm     .     (boots unavailable)
Stlth  +++++++... Rnd*Rage +    (no amulet)
                                (no ring)
                                x - ring of Boxoagh {rElec Int+4 Slay+3 SInv}

@: very quick
A: unfitting armour, reduced essence, see invisible, berserk 1, clever 1, cold
resistance 1, herbivore 3, speed 3, slow metabolism 2
a: Recall Ancestor, Ancestor Identity, Transference, Idealise, Renounce Religion


You were on level 11 of the Dungeon.
You worshipped Hepliaklqana.
Hepliaklqana was extremely pleased with you.
You were not hungry.

You visited 2 branches of the dungeon, and saw 12 of its levels.

You collected 672 gold pieces.

Inventory:

Hand Weapons
 b - a +0 blowgun
 v - a +1 dagger of venom (weapon)
Missiles
 e - 67 poisoned needles
 f - 2 curare-tipped needles
 D - 2 needles of confusion
Armour
 a - a +0 buckler
 c - a +0 robe (worn)
 d - a +1 cloak (worn)
Jewellery
 x - the ring of Boxoagh (left hand) {rElec Int+4 Slay+3 SInv}
   (You found it on level 4 of the Dungeon)

   [ring of see invisible]

   It affects your intelligence (+4).
   It affects your accuracy and damage with ranged weapons and melee attacks
   (+3).
   It insulates you from electricity.
   It lets you see invisible.
Wands
 p - a wand of flame (9/48)
 u - a wand of polymorph (17/24)
 A - a wand of disintegration (9/24)
 I - a wand of digging (9/24)
Scrolls
 h - 2 scrolls of recharging
 k - 7 scrolls of remove curse
 l - a scroll of fog
 B - 2 scrolls of magic mapping
 E - a scroll of amnesia
 H - a scroll of identify
Potions
 i - a potion of mutation
 j - 4 potions of curing
 m - a potion of haste
 n - 3 potions of cancellation
 o - a potion of lignification
 q - a potion of resistance
 r - a potion of heal wounds
 w - a potion of might
 z - 2 potions of agility
Books
 y - a book of Party Tricks

   Spells                             Type                      Level
   a - Summon Butterflies             Summoning                    1
   b - Apportation                    Translocation                1
   c - Tukima's Dance                 Hexes                        3
   d - Alistair's Intoxication        Transmutation/Poison         5
   e - Invisibility                   Hexes                        6
 C - a Grand Grimoire

   Spells                             Type                      Level
   a - Monstrous Menagerie            Summoning                    7
   b - Summon Greater Demon           Summoning                    7
   c - Malign Gateway                 Summoning/Translocation      7
   d - Summon Horrible Things         Summoning                    8
 G - a book of the Dragon

   Spells                             Type                      Level
   a - Flame Tongue                   Conjuration/Fire             1
   b - Cause Fear                     Hexes                        4
   c - Bolt of Fire                   Conjuration/Fire             6
   d - Dragon Form                    Transmutation                7
   e - Dragon's Call                  Summoning                    9
Comestibles
 g - 5 bread rations
 s - a slice of pizza
 t - 5 fruits


   Skills:
 - Level 1.5 Fighting
 - Level 10.8 Short Blades
 - Level 2.0 Throwing
 + Level 14.2 Dodging
 - Level 15.3 Stealth
 + Level 3.6 Spellcasting
 + Level 3.0 Hexes


You had 14 spell levels left.
You knew the following spells:

 Your Spells              Type           Power        Failure   Level  Hunger
a - Tukima's Dance        Hex            ###.....     14%         3    ###....


Dungeon Overview and Level Annotations

Branches:
Dungeon (11/15)            Temple (1/1) D:5            Lair (0/6) D:10
    Orc (0/2) D:9

Altars:
Ashenzari
Cheibriados
Dithmenos
Elyvilon
Fedhas
Gozag
Hepliaklqana
Kikubaaqudgha
Makhleb
Nemelex Xobeh
Okawaru
Qazlal
Ru
Sif Muna
Trog
Uskayaw
Vehumet
Xom
Yredelemnul
Zin
The Shining One
Beogh

Annotations:
D:3 KristoblXynda's ghost, novice SpEn
D:6 Grinder
D:9 exclusion: ice statue


Innate Abilities, Weirdness & Mutations

You are very small and have problems with some larger weapons.
You are too small for most types of armour.
You have supernaturally acute eyesight. (SInv)
You are a herbivore.
You cover ground extremely quickly.
You need consume almost no food.
Your life essence is reduced. (-10% HP)
You tend to lose your temper in combat.
Your mind is acute. (Int +2)
Your flesh is cold resistant. (rC+)


Message History

You feel sick.
You start resting.
Magic restored.
You feel sick.
You start resting.
You feel sick. x2
You feel yourself speed up.
You feel sick.
You start resting.
You feel sick. x3
You feel less exhausted.
You start resting.
You feel sick.
You are no longer poisoned.
You start resting.
A red ugly thing is nearby!
A red ugly thing is nearby!
A gargoyle comes into view. It is wielding a mace.
The red ugly thing barely misses Nebetia.
The red ugly thing stings you!
* * * LOW HITPOINT WARNING * * *
You are engulfed in flames!
You die...

############..######..########.†#
.................................
....(...(†.......................
#..######..(.......#####..#######
#..# #<†........# #..# #..#
#.)()†.....# #..# #..#
#..........# #..# #..#
#........u.# #..#
#.>######)....[.@R.# #..#
#..................# #..#
...................# #..#
...######..........# #..# #..#
#........).# #..####### #..#
#......9...# #......... #..#
#..........#####.........
#..######.................######.
#.............(.........ys# #.


You could see the friendly Nebetia the hexer, a red ugly thing and a gargoyle.

Vanquished Creatures
  A hill giant (D:11)
  Pikel (D:10)
  An ugly thing (D:11)
  A manticore (D:11)
  3 trolls
  3 hippogriffs
  A spriggan (D:7)
  A yak (D:11)
  Duvessa (D:7)
  A water moccasin (D:10)
  2 hell hounds (D:10)
  A soldier ant (D:11)
  6 orc warriors
  4 sky beasts
  2 black bears
  3 ice beasts
  A phantom (D:5)
  3 slaves (D:7)
  5 ogres
  7 centaurs
  A tengu (shapeshifter) (D:9)
  A crocodile (D:11)
  4 big kobolds
  4 bullfrogs
  A water moccasin zombie (D:5)
  A wyvern skeleton (D:7)
  Dowan (D:7)
  3 scorpions
  7 killer bees
  3 wights (D:10)
  6 howler monkeys
  3 crimson imps (D:5)
  A centaur zombie (D:5)
  6 bullfrog zombies
  A quasit (D:11)
  4 hounds
  4 bullfrog skeletons
  4 orc priests
  2 jellies (D:9)
  A centaur skeleton (D:4)
  10 iguanas
  8 worker ants
  12 orc wizards
  A killer bee zombie (D:9)
  2 hound zombies
  3 hound skeletons
  3 gnolls (D:6)
  3 worker ant zombies
  A howler monkey skeleton (D:4)
  9 adders
  A shadow imp (D:6)
  2 adder zombies
  An adder skeleton (D:8)
  2 dart slugs
  6 leopard geckos
  58 orcs
  6 bats
  5 giant cockroaches
  7 goblins
  8 hobgoblins
  10 jackals
  6 quokkas
  A ball python (D:5)
  4 frilled lizards
  A giant cockroach zombie (D:6)
  24 kobolds
  A leopard gecko skeleton (D:6)
  A leopard gecko zombie (D:6)
  3 quokka skeletons
  7 rats
312 creatures vanquished.

Vanquished Creatures (collateral kills)
  A big kobold (D:8)
  A bullfrog (D:8)
  A killer bee (D:11)
  A bullfrog skeleton (D:10)
  A hound skeleton (D:8)
  4 orcs (D:8)
  A kobold (D:8)
10 creatures vanquished.

Vanquished Creatures (others)
  An orc warrior (D:5)
  4 hexers
  A gnoll (D:5)
  A leopard gecko (D:5)
  A kobold (D:8)
  2 quokkas (D:5)
10 creatures vanquished.

Grand Total: 332 creatures vanquished

Notes
Turn   | Place    | Note
-------+----------+-------------------------------------------
     0 | D:1      | KristoblXynda the Spriggan Assassin began the quest for the Orb.
     0 | D:1      | Reached XP level 1. HP: 10/10 MP: 2/2
     3 | D:1      | Reached skill level 6 in Stealth
    76 | D:1      | Reached XP level 2. HP: 13/14 MP: 3/3
   700 | D:2      | Reached XP level 3. HP: 18/18 MP: 4/4
   827 | D:2      | Found a burning altar of Makhleb.
   903 | D:2      | Reached XP level 4. HP: 21/22 MP: 5/5
   973 | D:2      | Gained mutation: Your flesh is cold resistant. (rC+) [potion of mutation]
   973 | D:2      | Gained mutation: Your mind is acute. (Int +2) [potion of mutation]
   973 | D:2      | Gained mutation: You tend to lose your temper in combat. [potion of mutation]
  1175 | D:3      | Noticed KristoblXynda's ghost (novice SpEn)
  1595 | D:3      | Reached skill level 7 in Stealth
  1797 | D:4      | Reached XP level 5. HP: 25/25 MP: 6/6
  1803 | D:4      | Noticed an ogre
  1840 | D:4      | Reached skill level 5 in Dodging
  1846 | D:4      | Killed an ogre
  1846 | D:4      | Reached XP level 6. HP: 18/30 MP: 7/7
  1991 | D:4      | Reached skill level 8 in Stealth
  2180 | D:4      | Got a warped silver ring
  2188 | D:4      | Identified the ring of Boxoagh {rElec Int+4 Slay+3 SInv} (You found it on level 4 of the Dungeon)
  2553 | D:4      | Reached skill level 5 in Short Blades
  2626 | D:4      | Found a shattered altar of Ashenzari.
  2721 | D:4      | Found an iron altar of Okawaru.
  2735 | D:4      | Reached XP level 7. HP: 32/33 MP: 8/8
  2832 | D:4      | Found a glowing silver altar of Zin.
  2832 | D:4      | Found an opulent altar of Gozag.
  2877 | D:5      | Entered Level 5 of the Dungeon
  2923 | D:5      | Found a staircase to the Ecumenical Temple.
  2935 | Temple   | Entered the Ecumenical Temple
  3094 | Temple   | Became a worshipper of Hepliaklqana
  3180 | D:5      | Reached skill level 9 in Stealth
  3289 | D:5      | Found a blossoming altar of Fedhas.
  3290 | D:5      | Found a hide-covered altar of Uskayaw.
  3683 | D:5      | Reached skill level 10 in Stealth
  3700 | D:5      | Reached XP level 8. HP: 17/33 MP: 9/9
  3941 | D:5      | Found a shimmering altar of Xom.
  4113 | D:6      | Noticed Grinder
  4423 | D:6      | Reached * piety under Hepliaklqana
  4955 | D:6      | Reached ** piety under Hepliaklqana
  4992 | D:6      | Reached skill level 11 in Stealth
  5011 | D:6      | Learned a level 3 spell: Tukima's Dance
  5051 | D:6      | Found a shimmering altar of Xom.
  5679 | D:7      | Found a stormy altar of Qazlal.
  5744 | D:7      | Noticed Dowan
  5746 | D:7      | Noticed Duvessa
  5746 | D:7      | Reached XP level 9. HP: 36/36 MP: 10/10
  6267 | D:7      | Reached skill level 10 in Dodging
  6390 | D:7      | Killed Dowan
  6390 | D:7      | Reached skill level 12 in Stealth
  6447 | D:7      | Killed Duvessa
  6969 | D:7      | Reached *** piety under Hepliaklqana
  7264 | D:7      | Remembered your ancestor Nebetia as a hexer
  7390 | D:7      | You fall through a shaft!
  7693 | D:8      | Reached skill level 13 in Stealth
  7835 | D:8      | Reached **** piety under Hepliaklqana
  7836 | D:8      | Found a roughly hewn altar of Beogh.
  8388 | D:7      | Reached XP level 10. HP: 40/41 MP: 11/11
  8721 | D:8      | HP: 2/41 [orc warrior/glaive (18)]
  9507 | D:9      | Noticed an ice statue
  9564 | D:9      | Reached skill level 14 in Stealth
  9839 | D:9      | Found a staircase to the Orcish Mines.
 10121 | D:9      | Reached ***** piety under Hepliaklqana
 10413 | D:9      | Reached skill level 10 in Short Blades
 10438 | D:10     | Entered Level 10 of the Dungeon
 10461 | D:10     | Noticed Pikel
 10487 | D:10     | Killed Pikel
 10871 | D:10     | Found a staircase to the Lair.
 11222 | D:10     | Reached skill level 15 in Stealth
 11618 | D:11     | Noticed a manticore
 11623 | D:11     | Killed a manticore
 11623 | D:11     | Reached XP level 11. HP: 44/44 MP: 12/12
 11640 | D:11     | Noticed a red ugly thing
 11641 | D:11     | Noticed a hill giant
 11769 | D:11     | Reached skill level 1 in Spellcasting
 11799 | D:11     | Found a sparkling altar of Nemelex Xobeh.
 12155 | D:11     | Reached skill level 1 in Hexes
 12410 | D:11     | Noticed an unseen horror
 12466 | D:11     | Killed a hill giant
 12473 | D:11     | Noticed a red ugly thing
 12497 | D:11     | Killed a red ugly thing
 12545 | D:11     | Slain by a red ugly thing

Vault maps used:
D:1:      minmay_arrival_diagonal_passages
D:2:      makhleb_heckhound_becter
D:3:      grunt_ministairs_11
D:4:      grunt_temple_overflow_gold_and_silver, old_standard_altar,
          nicolae_overflow_crystal_walls, hex_large
D:5:      gammafunk_temple_overflow_statue, first_bread, xom_confusion_cloud
D:6:      basic_altar, serial_undead, serial_undead_d, serial_undead_c,
          serial_undead_e, serial_undead_b, serial_undead_e, serial_undead_f,
          uniq_grinder
D:7:      old_standard_altar, the_bakery, uniq_pikel, uniq_duvessa
D:8:      special_room, grunt_ministairs_15
D:9:      lemuel_ice_statue, orc_0_dummy
D:10:     minmay_lair_entry_lava
D:11:     minmay_misc_feat_pillars, nemelex_xobeh_ov_fountains_minmay
Temple:   eino_narrow_crystal_temple

Skill      XL: |  1  2  3  4  5  6  7  8  9 10 11 |
---------------+----------------------------------+-----
Stealth        | 6 7 8 10 11 13 15 | 15.3
Dodging        | 2 3 4 5 6 7 9 11 13 14 | 14.2
Short Blades   | 3 4 5 6 7 9 10 | 10.8
Spellcasting   | 3 |  3.6
Hexes          | 3 |  3.0
Fighting       | |  1.5
Throwing       | |  2.0

Action                   |  1- 3 |  4- 6 |  7- 9 | 10-12 || total
-------------------------+-------+-------+-------+-------++-------
Melee: Dagger            |    90 |   129 |   578 |   484 ||  1281
 Fire: Blowgun           |       |       |    11 |    20 ||    31
Throw: Throwing net      |       |       |       |     3 ||     3
Invok: Recall Ancestor   |       |       |     3 |     4 ||     7
       Ancestor Life: He |       |       |     1 |       ||     1
Evoke: Wand              |       |       |     9 |       ||     9
  Use: Scroll            |       |    12 |     7 |     9 ||    28
       Potion            |       |     3 |       |     5 ||     8
 Stab: Sleeping          |     7 |    11 |    11 |    16 ||    45
       Distracted        |     1 |     1 |     4 |     5 ||    11
       Confused          |       |       |     1 |     6 ||     7
  Eat: Bread ration      |       |       |     2 |     1 ||     3
       Fruit             |       |       |       |     2 ||     2
       Pizza             |       |       |       |     1 ||     1
Armor: Robe              |    15 |    11 |    42 |    16 ||    84
       Skin              |       |       |       |     8 ||     8
Dodge: Dodged            |    80 |    99 |   444 |   367 ||   990
